 Dungeon Sprint DCSS version 0.26.1-2-gb8aa6d0cf2 (webtiles) character file.

Game seed: 12774620534621492514

818 Groucho the Unseen (level 7, -8/32 HPs)
             Began as a Spriggan Enchanter on Feb 25, 2021.
             Was an Elder of Kikubaaqudgha.
             Mangled by a gargoyle
             ... wielding a +0 mace
              (19 damage)
             ... in the Dungeon (Sprint VII: "The Pits").
             The game lasted 00:04:53 (2576 turns).

Groucho the Unseen (Spriggan Enchanter)             Turns: 2576, Time: 00:04:54

Health: -8/32      AC:  2    Str:  6    XL:     7   Next: 62%
Magic:  20/21      EV: 18    Int: 16    God:    Kikubaaqudgha [****..]
Gold:   0          SH:  0    Dex: 17    Spells: 19/25 levels left

rFire    . . .     SeeInvis +   a - +2 dagger
rCold    . . .     Faith    .   (shield restricted)
rNeg     . . .     Spirit   .   b - +0 robe
rPois    .         Reflect  .   (helmet restricted)
rElec    .         Harm     .   (no cloak)
rCorr    .         Rampage  .   (gloves unavailable)
Will     +....     NoTele   +   (boots unavailable)
Stlth    +++++++...             (no amulet)
HPRegen  0.10/turn              (no ring)
MPRegen  0.17/turn              (no ring)

@: very quick
A: very small, unfitting armour, see invisible, speed 3
a: Renounce Religion, Receive Corpses


You were in the Dungeon.
You worshipped Kikubaaqudgha.
Kikubaaqudgha was greatly pleased with you.
You visited 1 branch

Inventory:

Hand Weapons
 a - a +2 dagger (weapon)
Missiles
 m - 13 stones (quivered)
Armour
 b - a +0 robe (worn)
Scrolls
 i - a scroll of blinking
 j - 3 scrolls of remove curse
 k - 5 scrolls of amnesia
 l - a scroll of summoning
Potions
 c - 2 potions of invisibility
 d - 6 potions of curing
 e - 6 potions of heal wounds
 f - a potion of haste
 g - 4 potions of magic
 h - 3 potions of berserk rage


   Skills:
 - Level 1.1 Short Blades
 - Level 3.0 Dodging
 * Level 18.3 Stealth
 + Level 9.8 Spellcasting
 + Level 10.1 Hexes


You had 19 spell levels left.
You knew the following spells:

 Your Spells              Type           Power        Failure   Level
a - Corona                Hex            44%          1%          1
b - Ensorcelled Hibernat  Hex/Ice        48%          1%          2
c - Confusing Touch       Hex            40%          1%          3

Your spell library contained the following spells:

 Spells                   Type           Power        Failure   Level
 Tukima's Dance           Hex            40%          1%          3
 Dazzling Flash           Conj/Hex       48%          3%          3
 Animate Skeleton         Necr           14%          10%         1
 Pain                     Necr           28%          10%         1
 Sublimation of Blood     Necr           3%           14%         2
 Vampiric Draining        Necr           3%           28%         3
 Animate Dead             Necr           3%           67%         4
 Dispel Undead            Necr           7%           67%         4
 Agony                    Necr           7%           95%         5
 Excruciating Wounds      Necr           3%           95%         5
 Simulacrum               Ice/Necr       3%           100%        6


Dungeon Overview and Level Annotations

Branches:
Dungeon (1/1)

Altars:
Ashenzari
Cheibriados
Dithmenos
Elyvilon
Fedhas
Gozag
Hepliaklqana
Kikubaaqudgha
Makhleb
Nemelex Xobeh
Okawaru
Qazlal
Ru
Sif Muna
Trog
Uskayaw
Vehumet
Wu Jian
Xom
Yredelemnul
Zin
The Shining One
Beogh
Jiyva
Lugonu


Innate Abilities, Weirdness & Mutations

You are very small and have problems with some larger weapons.
You are too small for most types of armour.
You have supernaturally acute eyesight. (SInv)
You cover ground extremely quickly.


Message History

You are too injured to fight recklessly!
You are too injured to fight recklessly!
You are too injured to fight recklessly!
You barely miss the gargoyle. The gargoyle closely misses you.
You hit the gargoyle but do no damage. You hit the gargoyle but do no damage.
The gargoyle hits you with a +0 mace.
You hit the gargoyle but do no damage.
The gargoyle appears confused.
The gargoyle barely misses you.
You catch the helpless gargoyle completely off-guard!
You impale the gargoyle!!
The gargoyle is almost destroyed.
The gargoyle misses you.
Unknown command.
Unknown command.
You hit the gargoyle but do no damage.
The gargoyle is almost destroyed.
The gargoyle hits you with a +0 mace!!
Ouch! That really hurt!
You die...
Kikubaaqudgha rasps: "You have failed me!
Welcome... death!"

#_________.#
#_______...###########++
##########'##...........
#.?..')))).##......#..#
##########.##..........
#.........).'...........
#'#####'#####......#..#.
#.#..#...'.##...........
#.#..#...#.#####@#####+
#.#..#####.##....9..#
#.#..'...#)##.......#
#.#..')..'.##.......#
#.#..########...<...#
#.#..'[))).##.......#
#.#.)#[))).##.......#
#'###########.......#
#.......#.. #########


You could see a gargoyle (confused).

Vanquished Creatures
  A warg (D)
  2 wolves (D)
  2 ogres (D)
  A centaur (D)
  2 big kobolds (D)
  A bullfrog (D)
  An iguana (D)
  A worker ant (D)
  A gnoll (D)
  An adder (D)
  2 river rats (D)
  A bat skeleton (D)
  A goblin (D)
  A hobgoblin (D)
  A quokka (D)
  A frilled lizard (D)
  A rat (D)
21 creatures vanquished.

Notes
Turn   | Place    | Note
-------+----------+-------------------------------------------
     0 | D        | Groucho the Spriggan Enchanter began the quest for the Orb.
     0 | D        | Reached XP level 1. HP: 9/9 MP: 5/5
    12 | D        | Reached skill level 5 in Stealth
    39 | D        | Found a bloodstained altar of Trog.
    39 | D        | Found a shimmering blue altar of Sif Muna.
    39 | D        | Found a viscous altar of Jiyva.
    39 | D        | Found a hazy altar of Hepliaklqana.
    39 | D        | Found an opulent altar of Gozag.
    40 | D        | Found a glowing golden altar of the Shining One.
    40 | D        | Found a glowing silver altar of Zin.
    40 | D        | Found a basalt altar of Yredelemnul.
    40 | D        | Found a shimmering altar of Xom.
    40 | D        | Found an ornate altar of the Wu Jian Council.
    40 | D        | Found a sacrificial altar of Ru.
    40 | D        | Found a stormy altar of Qazlal.
    40 | D        | Found an iron altar of Okawaru.
    40 | D        | Found a sparkling altar of Nemelex Xobeh.
    40 | D        | Found a burning altar of Makhleb.
    40 | D        | Found a blossoming altar of Fedhas.
    40 | D        | Found a white marble altar of Elyvilon.
    40 | D        | Found a shadowy altar of Dithmenos.
    40 | D        | Found a snail-covered altar of Cheibriados.
    42 | D        | Found a radiant altar of Vehumet.
    42 | D        | Found a corrupted altar of Lugonu.
    42 | D        | Found a roughly hewn altar of Beogh.
    43 | D        | Found a hide-covered altar of Uskayaw.
    43 | D        | Found an ancient bone altar of Kikubaaqudgha.
    43 | D        | Found a broken altar of Ashenzari.
    51 | D        | Became a worshipper of Kikubaaqudgha
    68 | D        | Reached skill level 8 in Stealth
    68 | D        | Reached XP level 2. HP: 13/13 MP: 6/6
    80 | D        | Learned a level 2 spell: Ensorcelled Hibernation
    82 | D        | Reached * piety under Kikubaaqudgha
    82 | D        | Identified Kikubaaqudgha's Incunabulum of Black Rituals
                  | (Kikubaaqudgha gifted it to you in the Dungeon)
    82 | D        | Received a gift from Kikubaaqudgha
    83 | D        | Reached skill level 9 in Stealth
    86 | D        | Reached skill level 10 in Stealth
    86 | D        | Reached XP level 3. HP: 16/16 MP: 8/8
   220 | D        | Reached ** piety under Kikubaaqudgha
   606 | D        | Noticed an ogre
   609 | D        | Killed an ogre
   610 | D        | Reached skill level 12 in Stealth
   610 | D        | Reached skill level 5 in Hexes
   610 | D        | Reached XP level 4. HP: 21/21 MP: 8/11
   613 | D        | Reached skill level 5 in Spellcasting
  1209 | D        | Noticed a bullfrog
  1209 | D        | Noticed a big kobold
  1211 | D        | Noticed a wolf
  1212 | D        | Noticed a centaur
  1214 | D        | Killed a wolf
  1215 | D        | Reached skill level 14 in Stealth
  1215 | D        | Reached XP level 5. HP: 24/24 MP: 12/14
  1216 | D        | Killed a centaur
  1217 | D        | Reached skill level 15 in Stealth
  1217 | D        | Reached XP level 6. HP: 28/28 MP: 13/17
  1237 | D        | Reached *** piety under Kikubaaqudgha
  1237 | D        | Identified Kikubaaqudgha's Disquisition on Black Secrets
                  | (Kikubaaqudgha gifted it to you in the Dungeon)
  1237 | D        | Received a gift from Kikubaaqudgha
  1243 | D        | Reached skill level 16 in Stealth
  1615 | D        | Reached XP level 7. HP: 32/32 MP: 20/20
  1625 | D        | Reached **** piety under Kikubaaqudgha
  1626 | D        | Reached skill level 17 in Stealth
  1637 | D        | Reached skill level 18 in Stealth
  1637 | D        | Reached skill level 10 in Hexes
  1854 | D        | Noticed a gargoyle
  1855 | D        | Noticed a flayed ghost
  2071 | D        | HP: 1/32 [gargoyle/stone arrow (21)]
  2560 | D        | Learned a level 3 spell: Confusing Touch
  2576 | D        | Mangled by a gargoyle

Illustrated notes

Levels and vault maps discovered:
D:        pitsprint [storerooms_1, entrance_room_1, metal_vault_5, armoury_2,
          mini_pit_1, grid_room_1, main_hall_1, silver_pit, the_coven_1,
          the_vestibule_1, steel_vault_4, golden_pit, hallway_of_sentries,
          crystal_vault_1, iron_vault_3, final_vault]

Skill      XL: |  1  2  3  4  5  6  7 |
---------------+----------------------+-----
Stealth        | 8 10 12 14 15 16 18 | 18.3
Spellcasting   | 4 6 7 8 9 |  9.8
Hexes          | 5 6 7 9 10 | 10.1
Short Blades   | |  1.1
Dodging        | |  3.0

Action                   |  1- 3 |  4- 6 |  7- 9 || total
-------------------------+-------+-------+-------++-------
Melee: Dagger            |    17 |     7 |    13 ||    37
Throw: Stone             |     1 |       |       ||     1
 Cast: Ensorcelled Hiber |     1 |    13 |     5 ||    19
       Confusing Touch   |       |       |     1 ||     1
 Stab: Sleeping          |     6 |     7 |     6 ||    19
       Confused          |       |       |     1 ||     1
Dodge: Dodged            |     8 |    11 |     8 ||    27
